 Dungeon Crawl Stone Soup version 0.24.0-123-gd5b16e6ec5 (webtiles) character file.

Game seed: 16116201601372117977, levelgen mode: deterministic

223 ReteAZ the Poker (level 6, -1/48 HPs)
             Began as a Merfolk Gladiator on Jan 2, 2020.
             Killed by nerve-wracking pain
             ... invoked by an orc priest
              (12 damage)
             ... on level 4 of the Dungeon.
             The game lasted 00:04:31 (2807 turns).

ReteAZ the Poker (Merfolk Gladiator)                Turns: 2807, Time: 00:04:31

Health: -1/48      AC:  6    Str: 15    XL:     6   Next: 0%
Magic:  6/6        EV: 17    Int:  8    God:
Gold:   234        SH:  0    Dex: 16    Spells: 5/5 levels left

rFire    . . .     SeeInvis .   a - +0 trident
rCold    . . .     Gourm    .   (no shield)
rNeg     . . .     Faith    .   b - +0 leather armour
rPois    .         Spirit   .   c - +0 helmet
rElec    .         Reflect  .   p - +1 cloak
rCorr    +         Harm     .   (no gloves)
MR       .....                  (no boots)
Stlth    +.........             t - amulet of magic regeneration
HPRegen  0.16/turn              w - +2 ring of evasion
MPRegen  0.35/turn              n - ring of resist corrosion

@: no status effects
A: change form in water, swift swim, stealthy swim
a: no special abilities


You were on level 4 of the Dungeon.
You were not hungry.

You visited 1 branch of the dungeon, and saw 4 of its levels.

You collected 234 gold pieces.

Inventory:

Hand Weapons
 a - a +0 trident (weapon)
Missiles
 d - 3 throwing nets
 u - 9 poisoned darts (quivered)
Armour
 b - a +0 leather armour (worn)
 c - a +0 helmet (worn)
 p - a +1 cloak (worn)
Jewellery
 n - a ring of resist corrosion (right hand)
 t - an amulet of magic regeneration (around neck)
 w - a +2 ring of evasion (left hand)
Scrolls
 g - a scroll of random uselessness {unknown}
 i - 2 scrolls of remove curse {unknown}
 j - 7 scrolls of teleportation {unknown}
 k - a scroll of fog {unknown}
 l - 2 scrolls of amnesia {unknown}
 o - a scroll of magic mapping {unknown}
 r - 2 scrolls of identify {unknown}
Potions
 e - a potion of agility {unknown}
 h - 3 potions of curing
 m - a potion of might
 s - a potion of lignification {unknown}
 v - a potion of mutation {unknown}
 x - a potion of invisibility {unknown}
Comestibles
 f - 8 rations
 q - 11 chunks of flesh


   Skills:
 + Level 3.7 Fighting
 * Level 7.3 Polearms
 - Level 2.0 Throwing
 + Level 5.4 Dodging


You had 5 spell levels left.
You didn't know any spells.
Your spell library was empty.

Dungeon Overview and Level Annotations

Branches:
Dungeon (4/15)
 Temple: D:4-7

Altars:
Fedhas
Uskayaw


Message History

An orc priest comes into view. It is wielding a +0 falchion.
You hear the brisk hiss of a distant avalanche of sand.
The orc priest shouts!
The orc priest looks encouraged for a moment.
The orc priest misses you.
You barely miss the orc priest. The orc priest barely misses you.
You are too injured to fight recklessly!
You are too injured to fight recklessly!
You are too injured to fight recklessly!
You are too injured to fight recklessly!
You puncture the orc priest!
The orc priest is heavily wounded.
The orc priest invokes the aid of Beogh against you.
Beogh smites you!
* * * LOW HITPOINT WARNING * * *
You hit the orc priest.
The orc priest is severely wounded.
The orc priest mumbles some strange prayers to Beogh against you.
Pain shoots through your body!
You die...

# #.# .# # #.# .##### #
#.# .#...
##########.######.#.###
.$.....................
....................#
....................#
....................#
................@o..#
....................#
....................#
.............?......#
....................#
................#
................
..........###


You could see an orc priest.

Vanquished Creatures
  An ogre (D:4)
  A worker ant (D:4)
  3 adders
  An ooze (D:3)
  4 worms
  A dart slug (D:1)
  A leopard gecko (D:1)
  9 orcs
  3 ball pythons
  9 bats
  5 goblins
  11 hobgoblins
  A quokka (D:3)
  4 frilled lizards
  4 kobolds
  6 rats
64 creatures vanquished.

Notes
Turn   | Place    | Note
-------+----------+-------------------------------------------
     0 | D:1      | ReteAZ the Merfolk Gladiator began the quest for the Orb.
     0 | D:1      | Reached XP level 1. HP: 16/16 MP: 1/1
   115 | D:1      | Reached XP level 2. HP: 8/23 MP: 2/2
   404 | D:1      | Reached skill level 5 in Polearms
   921 | D:2      | Reached XP level 3. HP: 28/28 MP: 3/3
  1240 | D:2      | Noticed a +0 hand axe
  1240 | D:2      | Noticed a +0 dagger
  1267 | D:2      | Found a hide-covered altar of Uskayaw.
  1598 | D:3      | Reached XP level 4. HP: 28/35 MP: 4/4
  1616 | D:3      | Reached skill level 6 in Polearms
  2260 | D:3      | Found a blossoming altar of Fedhas.
  2536 | D:4      | Reached skill level 5 in Dodging
  2536 | D:4      | Reached XP level 5. HP: 11/41 MP: 5/5
  2743 | D:4      | Noticed an ogre
  2754 | D:4      | Killed an ogre
  2754 | D:4      | Reached skill level 7 in Polearms
  2754 | D:4      | Reached XP level 6. HP: 18/48 MP: 6/6
  2807 | D:4      | Killed from afar by an orc priest

Levels and vault maps discovered:
D:1:      lightli_arrival_flooded_house, layout_loops_ring
D:2:      cheibrodos_old_hovel, layout_loops_cross, dancing_weapons_uskayaw,
          first_ration
D:3:      layout_basic, marbit_many_paths
D:4:      layout_basic, gup_ossuary_entry_pyramid

Skill      XL: |  1  2  3  4  5 |
---------------+----------------+-----
Polearms       | 5 6 7 |  7.3
Fighting       | 3 |  3.7
Dodging        | 5 |  5.4
Throwing       | |  2.0

Action                   |  1- 3 |  4- 6 || total
-------------------------+-------+-------++-------
Melee: Trident           |   131 |   116 ||   247
Throw: Dart              |       |     5 ||     5
  Use: Potion            |     2 |       ||     2
 Stab: Sleeping          |     3 |     2 ||     5
  Eat: Chunk             |     2 |     4 ||     6
Armor: Leather armour    |    36 |    18 ||    54
Dodge: Dodged            |    84 |    67 ||   151
